 Dungeon Crawl Stone Soup version 0.26.1-10-gdfb7c7de75 (webtiles) character file.

Game seed: 18329940905579276747

173 Elvor the Sneak (level 5, -1/33 HPs)
             Began as a Gargoyle Delver on Apr 12, 2021.
             Slain by a bullfrog (6 damage)
             ... in a sewer.
             The game lasted 00:10:10 (922 turns).

Elvor the Sneak (Gargoyle Delver)                    Turns: 922, Time: 00:10:11

Health: -1/33      AC:  7    Str: 16    XL:     5   Next: 53%
Magic:  5/5        EV:  9    Int: 11    God:
Gold:   31         SH:  0    Dex: 11    Spells: 4/4 levels left

rFire    . . .     SeeInvis .   a - +0 mace
rCold    . . .     Faith    .   (no shield)
rNeg     + . .     Spirit   .   b - +0 leather armour
rPois    ∞         Reflect  .   (no helmet)
rElec    +         Harm     .   (no cloak)
rCorr    .         Rampage  .   (no gloves)
Will     .....                  (no boots)
Stlth    ++........             (no amulet)
HPRegen  0.11/turn              (no ring)
MPRegen  0.09/turn              (no ring)

@: hasted, constricted, quick
A: negative energy resistance 1, electricity resistance, unbreathing,
petrification resistance, miasma immunity, AC +4
a: no special abilities


You were in a sewer.
You visited 1 branch of the dungeon, and saw 1 of its levels.
You also visited: Sewer.

You collected 31 gold pieces.

Inventory:

Hand Weapons
 a - a +0 mace (weapon)
Armour
 b - a +0 leather armour (worn)
 i - a +0 ring mail
Wands
 g - a wand of digging (3)
Scrolls
 c - a scroll of fog
 d - a scroll of magic mapping
 e - a scroll of fear
 h - 3 scrolls of identify {unknown}
 m - 2 scrolls of teleportation {unknown}
 n - 2 scrolls of blinking {unknown}
Potions
 j - a potion of heal wounds {unknown}
 k - 2 potions of magic {unknown}
 l - a potion of might {unknown}


   Skills:
 + Level 3.8 Fighting
 * Level 3.6 Maces & Flails
 + Level 1.1 Armour
 + Level 2.1 Dodging
 + Level 6.6 Stealth


You had 4 spell levels left.
You didn't know any spells.
Your spell library was empty.

Dungeon Overview and Level Annotations

Branches:
Dungeon (5/15)              Sewer (1/1)
 Temple: D:4-7

Altars:


Innate Abilities, Weirdness & Mutations

You are resistant to torment.
Your stone body is resilient. (AC +4)
You are immune to poison.
You resist negative energy. (rN+)
You are resistant to electric shocks. (rElec)
You can survive without breathing.
You are immune to petrification.
You are immune to miasma.


Message History

The bullfrog hits you. x2
You hit the bullfrog but do no damage. The adder bites you but does no damage.
The ball python bites you but does no damage.
The ball python constricts you.
The bullfrog hits you but does no damage.
The bullfrog hits you.
The ball python bites you but does no damage.
You hit the bullfrog.
The bullfrog is lightly wounded.
The adder barely misses you. The ball python bites you.
* * * LOW HITPOINT WARNING * * *
The ball python constricts you. The bullfrog hits you.
* * * LOW HITPOINT WARNING * * *
The bullfrog hits you.
* * * LOW HITPOINT WARNING * * *
The ball python barely misses you.
You barely miss the bullfrog.
The bullfrog is lightly wounded.
The adder bites you but does no damage. The bullfrog hits you.
You die...

#......##..###.....
##....###..# ##....
#≈≈≈≈≈≈##### #≈≈≈≈≈
#≈≈≈≈≈≈# #≈≈≈≈≈
#≈≈≈≈≈≈# #≈≈≈≈≈
#≈≈≈≈≈≈# #≈≈≈≈≈
#≈≈≈≈≈≈# #≈≈†≈≈
#≈#F≈≈≈# ##....
#S@#≈≈≈# #≈...†
#SSF≈≈≈# ##...†
#JS≈≈≈≈# #≈≈≈≈≈
#≈≈#≈≈≈# #≈≈≈≈≈
#≈≈≈≈≈≈# #≈≈≈≈≈
#≈≈≈≈≈≈# #≈≈≈≈≈
#≈≈≈≈≈≈# #≈≈≈≈≈
#≈≈≈≈≈≈# #≈≈≈≈≈
#≈≈≈≈≈≈# #≈≈≈≈≈


You could see 2 bullfrogs, an ooze, an adder and 3 ball pythons.

Vanquished Creatures
  3 orc wizards (D:5)
  3 adders (Sewer)
  3 river rats
  A leopard gecko (D:5)
  2 orcs (D:5)
  A giant cockroach (D:5)
  9 ball pythons (Sewer)
  A frilled lizard (Sewer)
  26 rats
49 creatures vanquished.

Notes
Turn   | Place    | Note
-------+----------+-------------------------------------------
     0 | D:5      | Elvor the Gargoyle Delver began the quest for the Orb.
     0 | D:5      | Reached XP level 1. HP: 14/14 MP: 1/1
    19 | D:5      | Reached XP level 2. HP: 16/19 MP: 2/2
    74 | D:5      | Reached skill level 6 in Stealth
    74 | D:5      | Reached XP level 3. HP: 11/23 MP: 3/3
    85 | D:5      | Reached XP level 4. HP: 10/28 MP: 4/4
   101 | D:5      | Found a glowing drain.
   119 | Sewer    | Entered a sewer
   658 | Sewer    | Reached XP level 5. HP: 33/33 MP: 5/5
   683 | Sewer    | Reached skill level 1 in Armour
   922 | Sewer    | Slain by a bullfrog

Illustrated notes

Levels and vault maps discovered:
D:5:      layout_basic, fedhas_altar_fruit_tree,
          pdpol_wu_jian_five_deadly_venoms, gup_sewer_entry_bowl
Sewer:    sewer_minmay_w

Skill      XL: |  1  2  3  4  5 |
---------------+----------------+-----
Stealth        | 6 |  6.6
Maces & Flails | 3 |  3.6
Armour         | 1 |  1.1
Dodging        | 2 |  2.1
Fighting       | |  3.8

Action                   |  1- 3 |  4- 6 || total
-------------------------+-------+-------++-------
Melee: Mace              |    43 |   141 ||   184
  Use: Potion            |       |     1 ||     1
Armor: Leather armour    |    18 |   130 ||   148
Dodge: Dodged            |    34 |   179 ||   213
